 Dungeon Crawl Stone Soup version 0.20-a0-910-gb611367 (webtiles) character file.

232 Lokkenreload the Gusty (level 5, -2/32 HPs)
             Began as a High Elf Air Elementalist on July 12, 2015.
             Was an Initiate of Vehumet.
             Killed by divine providence
             ... invoked by an orc priest
              (15 damage)
             ... on level 4 of the Dungeon on Mar 23, 2017.
             The game lasted 00:18:33 (3345 turns).

Lokkenreload the Gusty (High Elf Air Elementalist)  Turns: 3345, Time: 00:18:34

Health: -2/32      AC:  8    Str: 10    XL:     5   Next: 73%
Magic:  5/12       EV: 12    Int: 19    God:    Vehumet [......]
Gold:   226        SH:  0    Dex: 16    Spells: 7/12 levels left

rFire    + . .     SeeInvis .   x - +1 short sword (protect)
rCold    . . .     Gourm    .   A - +2 leather armour {rF+}
rNeg     . . .     Faith    .   (no shield)
rPois    .         Spirit   .   (no helmet)
rElec    .         Reflect  .   (no cloak)
rCorr    .         Harm     .   s - +2 pair of gloves {Str+3}
MR       .....                  (no boots)
Stlth    ++........             (no amulet)
Regen    0.1/turn               (no ring)
MPRegen  0.2/turn               (no ring)

@: no status effects
A: no striking features
a: Renounce Religion


You were on level 4 of the Dungeon.
You worshipped Vehumet.
Vehumet was noncommittal.
You were not hungry.

You visited 1 branch of the dungeon, and saw 4 of its levels.

You collected 226 gold pieces.

Inventory:

Hand Weapons
 g - a +0 short sword
 x - a +1 short sword of protection (weapon)
Missiles
 o - 9 poisoned arrows
 p - 27 arrows
Armour
 a - a +0 robe
 j - a +0 leather armour
 s - a +2 pair of gloves of strength (worn)
 A - a +2 leather armour of fire resistance (worn)
Wands
 r - a wand of polymorph (2/24)
 y - a wand of confusion (7/48)
 B - a wand of flame (1/48)
Scrolls
 d - 5 scrolls of identify {unknown}
 e - 2 scrolls of fog {unknown}
 f - 2 scrolls of teleportation {unknown}
 h - 4 scrolls of magic mapping {unknown}
 i - 2 scrolls of amnesia {unknown}
 k - a scroll of immolation {unknown}
 n - a scroll of enchant weapon {unknown}
 C - a scroll of fear {unknown}
Potions
 l - 3 potions of curing {unknown}
 q - a potion of flight {unknown}
 t - a potion of might {unknown}
 u - a potion of ambrosia {unknown}
 v - a potion of degeneration {unknown}
 w - 3 potions of lignification {unknown}
Books
 b - a book of Air

   Spells                             Type                      Level
   a - Shock                          Conjuration/Air              1
   b - Swiftness                      Charms/Air                   2
   c - Static Discharge               Conjuration/Air              3
   d - Airstrike                      Air                          4
   e - Lightning Bolt                 Conjuration/Air              5
Comestibles
 c - a bread ration
 m - 2 meat rations
 z - a royal jelly


   Skills:
 + Level 0.8 Fighting
 + Level 2.6 Dodging
 - Level 2.1 Stealth
 * Level 4.2 Spellcasting
 * Level 3.1 Conjurations
 + Level 5.1 Air Magic
 * Level 0.8 Evocations


You had 7 spell levels left.
You knew the following spells:

 Your Spells              Type           Power        Failure   Level  Hunger
a - Shock                 Conj/Air       ###.         3%          1    None
b - Airstrike             Air            ###.......   24%         4    ####...


Dungeon Overview and Level Annotations

Branches:
Dungeon (4/15)
 Temple: D:4-7

Altars:
Fedhas
Makhleb
Vehumet
Xom

Annotations:
D:3 exclusion: oklob plant


Message History

Beogh smites you!
Casting: Shock
Confirm with . or Enter, or press ? or * to list all spells.
Aiming: Shock
Press: ? - help, Shift-Dir - straight line, f - orc priest, p - orc
Aim: an orc priest, wielding a club and wearing a scale mail (moderately wounded)
The zap hits the orc priest.
The orc priest is moderately wounded.
The orc throws a stone.
The stone closely misses you.
Found a sedimented brown potion.
Casting: Shock
Confirm with . or Enter, or press ? or * to list all spells.
Aiming: Shock
Press: ? - help, Shift-Dir - straight line, f/p - orc priest
Aim: an orc priest, wielding a club and wearing a scale mail (moderately wounded)
The zap hits the orc priest.
The orc priest is heavily wounded.
The orc priest calls down the wrath of Beogh upon you.
Beogh smites you!
You die...

#...##....# #...
#....#....# ....
##.##.#..o.# ###
...
#..##.....####..#
..
#.#####........#
###.# ####..#...#
#...# #.......###
.###.### #.##...##
.....# ......#@#
####.###.##!##...#
#.....#. ##...
####.#####.#
#..##. #....# ..#
#<.... #....###
#.# #.... ##
###....# #.###...
. ###.##.#
#.....####.###.
##..##.##
#........#.....


You could see an orc priest.

Vanquished Creatures
  A crimson imp (D:3)
  Ijyb (D:3)
  7 adders
  3 gnolls (D:2)
  2 worms (D:2)
  2 dart slugs (D:3)
  A leopard gecko (D:3)
  8 orcs
  3 ball pythons
  5 bats
  7 hobgoblins
  4 jackals (D:1)
  2 quokkas
  A frilled lizard (D:2)
  3 giant cockroaches
  6 goblins
  9 kobolds
  7 rats
72 creatures vanquished.

Notes
Turn   | Place    | Note
-------+----------+-------------------------------------------
     0 | D:1      | Lokkenreload the High Elf Air Elementalist began the quest for the Orb.
     0 | D:1      | Reached XP level 1. HP: 11/11 MP: 4/4
   122 | D:2      | Upgraded the game from 0.17-a0-1515-gfae3d72 to 0.20-a0-910-gb611367
   391 | D:1      | Reached skill level 4 in Air Magic
   452 | D:1      | Reached XP level 2. HP: 17/17 MP: 3/6
  1240 | D:2      | Reached XP level 3. HP: 14/21 MP: 4/8
  1350 | D:2      | Found a shimmering altar of Xom.
  1580 | D:2      | Reached XP level 4. HP: 7/27 MP: 1/10
  2076 | D:2      | Learned a level 4 spell: Airstrike
  2501 | D:3      | Noticed Ijyb
  2542 | D:3      | Killed Ijyb
  2542 | D:3      | Reached XP level 5. HP: 11/32 MP: 6/12
  2723 | D:3      | Reached skill level 5 in Air Magic
  2868 | D:3      | Found a blossoming altar of Fedhas.
  2879 | D:3      | Noticed an oklob plant
  3077 | D:3      | Found a burning altar of Makhleb.
  3078 | D:3      | Found a radiant altar of Vehumet.
  3091 | D:3      | Became a worshipper of Vehumet
  3345 | D:4      | Killed from afar by an orc priest

Vault maps used:
D:1:      mrwooster_arrival_statue_3, serial_bayou_pond_a
D:2:      xom_teletrap_fun
D:3:      grunt_temple_overflow_lords_of_destruction, tgw_fedhas, uniq_iyjb
D:4:      nicolae_overflow_hidden_temple, serial_curves, eino_curves_04,
          eino_curves_03, first_bread, grunt_ministairs_10

Skill      XL: |  1  2  3  4  5 |
---------------+----------------+-----
Air Magic      | 4 5 |  5.1
Spellcasting   | 3 4 |  4.2
Conjurations   | 2 3 |  3.1
Fighting       | |  0.8
Dodging        | |  2.6
Stealth        | |  2.1
Evocations     | |  0.8

Action                   |  1- 3 |  4- 6 || total
-------------------------+-------+-------++-------
Melee: Short sword       |    26 |    37 ||    63
 Cast: Shock             |    42 |    93 ||   135
       Shock             |     4 |       ||     4
Evoke: Wand              |       |     4 ||     4
  Use: Potion            |     1 |       ||     1
 Stab: Confused          |       |     1 ||     1
  Eat: Chunk             |     1 |     6 ||     7
Armor: Robe              |    10 |     6 ||    16
       Leather armour    |       |     9 ||     9
Dodge: Dodged            |    24 |    35 ||    59
